 Dungeon Crawl Stone Soup version 0.29-a0-362-g5854e031c7 (webtiles) character file.

Game seed: 16549896590829560167

2706 pokeman the Thaumaturge (level 9, -4/49 HPs)
             Began as a Deep Elf Hedge Wizard on Apr 29, 2022.
             Slain by a yak (9 damage)
             ... on level 7 of the Dungeon.
             The game lasted 00:19:36 (9229 turns).

pokeman the Thaumaturge (Deep Elf Hedge Wizard)     Turns: 9229, Time: 00:19:36

Health: -4/49      AC:  5    Str:  7    XL:     9   Next: 39%
Magic:  6/26       EV: 17    Int: 24    God:
Gold:   316        SH:  0    Dex: 20    Spells: 19/30 levels left

rFire   . . .      SeeInvis .   I - +0 short sword (elec)
rCold   . . .      Faith    .   (no shield)
rNeg    . . .      Spirit   .   m - +0 leather armour
rPois   .          Reflect  .   a - +0 helmet
rElec   .          Harm     .   (no cloak)
rCorr   .          Rampage  .   (no gloves)
Will    .....                   u - +0 pair of boots
Stlth   ++........              (no amulet)
HPRegen 0.16/turn               f - +6 ring of dexterity
MPRegen 0.20/turn               c - +4 ring of evasion

@: no status effects
A: no striking features
a: no special abilities


You were on level 7 of the Dungeon.
You visited 1 branch of the dungeon, and saw 7 of its levels.

You collected 316 gold pieces.

Inventory:

Hand Weapons
 w - a +0 hand crossbow
 I - a +0 short sword of electrocution (weapon)
Missiles
 C - 2 throwing nets
Armour
 a - a +0 helmet (worn)
 m - a +0 leather armour (worn)
 u - a +0 pair of boots (worn)
Magical Staves
 q - a staff of poison
Jewellery
 c - a +4 ring of evasion (right hand)
 f - a +6 ring of dexterity (left hand)
 p - a ring of ice
 H - a ring of resist corrosion
Wands
 r - a wand of acid (6)
 x - a wand of polymorph (13)
 J - a wand of charming (12)
Scrolls
 b - a scroll of silence {unknown}
 h - 8 scrolls of identify {unknown}
 k - 2 scrolls of fog {unknown}
 n - a scroll of enchant armour {unknown}
 y - a scroll of magic mapping {unknown}
 A - a scroll of enchant weapon {unknown}
 D - a scroll of blinking {unknown}
 E - a scroll of amnesia {unknown}
 G - a scroll of vulnerability {unknown}
Potions
 d - 2 potions of magic
 e - 2 potions of heal wounds {unknown}
 g - a potion of resistance {unknown}
 i - 2 potions of haste {unknown}
 j - 5 potions of curing
 l - a potion of ambrosia {unknown}
 o - a potion of invisibility {unknown}
 s - a potion of attraction {unknown}
 t - 3 potions of cancellation {unknown}
 v - 2 potions of lignification {unknown}
 z - a potion of berserk rage {unknown}
 B - a potion of degeneration {unknown}
 F - a potion of flight {unknown}


   Skills:
 + Level 2.4 Fighting
 - Level 3.0 Armour
 - Level 3.0 Dodging
 - Level 3.1 Stealth
 * Level 11.1 Spellcasting
 + Level 7.2 Conjurations
 + Level 3.9 Summonings
 - Level 1.1 Translocations
 - Level 3.1 Fire Magic
 - Level 1.2 Air Magic
 - Level 1.1 Poison Magic
 - Level 1.1 Evocations


You had 19 spell levels left.
You knew the following spells:

 Your Spells              Type           Power      Damage    Failure   Level
a - Magic Dart            Conj           100%       1d8       1%          1
b - Mephitic Cloud        Conj/Pois/Air  28%        N/A       5%          3
c - Call Imp              Summ           32%        N/A       1%          2
d - Blink                 Tloc           36%        N/A       7%          2
e - Conjure Flame         Conj/Fire      38%        6-21      2%          3

Your spell library contained the following spells:

 Spells                   Type           Power      Damage    Failure   Level
 Slow                     Hex            52%        N/A       7%          1
 Iskenderun's Mystic Bla  Conj/Tloc      33%        2d8       12%         4
 Dispersal                Tloc           9%         N/A       100%        6
 Summon Hydra             Summ           16%        N/A       100%        7


Dungeon Overview and Level Annotations

Branches:
Dungeon (7/15)
 Temple: D:4-7

Altars:


Message History

Press: ? - help, Shift-Dir - straight line You miscast Mephitic Cloud.
You are very lightly contaminated with residual magic.
Nothing appears to happen.
Unknown command.
Casting: Mephitic Cloud (dangerous; 5% risk of failure)
Confirm with . or Enter, or press ? or * to list all spells.
Aiming: Mephitic Cloud (dangerous; 5% risk of failure)
Press: ? - help, Shift-Dir - straight line, f - yak
Aim: a yak (chance to affect: 67%)
The ball explodes into a vile cloud!
The stinking cloud engulfs something but does no damage.
The stinking cloud engulfs the yak but does no damage.
You hear an angry buzzing noise.
The gnoll hits your crimson imp with a +0 club!
Your crimson imp hits the gnoll.
Unknown command.
Unknown command.
The yak is engulfed in noxious fumes.
The yak appears confused.
Your crimson imp hits the gnoll.
The yak is engulfed in noxious fumes.
The yak gores something!
Reactivating autopickup.
You feel a bit more experienced.
Your crimson imp blinks!
Something hits the orc.
The yak is engulfed in noxious fumes.
The yak seems less confused.
Your magical contamination has completely faded away.
Your crimson imp hits the yak.
Your crimson imp blinks!
Casting: Mephitic Cloud (dangerous; 5% risk of failure)
Confirm with . or Enter, or press ? or * to list all spells.
The fire begins to smoulder!
The fire ignites!
Unknown command.
You hit the yak.
The yak is lightly wounded.
The yak is engulfed in blazing flames.
The yak gores you!
* * * LOW HITPOINT WARNING * * *
The yak is engulfed in blazing flames.
The yak gores you!
You die...

.###....###..............
o.))......#...........#
>.##..........#....>..## ##
...#.........>.........###..
.###...............#.###....
## ####........###..........
#......#5.###..........
##........#............
#.#.#....Y@...).......
#####....#.#.........#
#..#####.†......## #...
#.#.<.....#
##......##..#.### #....#.
..##.# #...###..## # .. ...
#...


You could see a yak (ally target) and a friendly crimson imp (summoned).

Vanquished Creatures
  Grinder (D:3)
  3 yaks (D:7)
  Menkaure (D:6)
  An ice beast (D:5)
  3 orc warriors
  A sky beast (D:6)
  A black bear (D:6)
  A phantom (D:5)
  A kobold brigand (D:6)
  2 necrophages (D:4)
  2 bullfrogs (D:6)
  3 howler monkeys
  2 hounds
  2 jellies
  3 orc priests
  A gnoll shaman (D:5)
  Ijyb (D:3)
  3 iguanas
  Natasha (thrice) (D:3)
  3 orc wizards
  Robin (D:3)
  11 gnolls
  11 adders
  A shadow imp (D:6)
  4 white imps
  A dart slug (D:2)
  24 orcs
  10 bats
  4 endoplasms
  8 giant cockroaches
  15 goblins
  6 hobgoblins
  10 jackals
  4 quokkas
  7 ball pythons
  3 frilled lizards (D:2)
  7 kobolds
  8 rats
173 creatures vanquished.

Vanquished Creatures (collateral kills)
  A gnoll (D:2)
  A jackal (D:3)
2 creatures vanquished.

Grand Total: 175 creatures vanquished

Notes
Turn   | Place    | Note
-------+----------+-------------------------------------------
     0 | D:1      | pokeman the Deep Elf Hedge Wizard began the quest for the
                  | Orb.
     0 | D:1      | Reached XP level 1. HP: 10/10 MP: 7/7
   297 | D:1      | Reached XP level 2. HP: 15/15 MP: 6/9
   710 | D:1      | Got the Almanac of Summoning and the Voyage
   836 | D:1      | Reached skill level 5 in Spellcasting
  1172 | D:2      | Reached XP level 3. HP: 20/20 MP: 8/11
  1176 | D:2      | Learned a level 3 spell: Mephitic Cloud
  1179 | D:2      | Learned a level 2 spell: Call Imp
  1182 | D:2      | Learned a level 2 spell: Blink
  1186 | D:2      | Learned a level 3 spell: Conjure Flame
  1327 | D:2      | Found a faded altar of an unknown god.
  1586 | D:2      | Reached skill level 1 in Armour
  1594 | D:2      | Reached skill level 1 in Fighting
  2409 | D:2      | Reached XP level 4. HP: 25/25 MP: 4/13
  2665 | D:3      | Noticed Robin
  3391 | D:3      | Killed Robin
  3392 | D:3      | Reached skill level 1 in Fire Magic
  3564 | D:3      | Reached skill level 6 in Spellcasting
  3564 | D:3      | Reached XP level 5. HP: 12/29 MP: 11/15
  3730 | D:3      | Noticed Natasha
  3736 | D:3      | Killed Natasha
  3788 | D:3      | Reached skill level 1 in Air Magic
  3897 | D:3      | Noticed Grinder
  4200 | D:3      | Noticed Ijyb
  4220 | D:3      | Killed Ijyb
  4403 | D:3      | Noticed Natasha
  4409 | D:3      | Killed Natasha
  4410 | D:3      | Reached XP level 6. HP: 26/34 MP: 10/17
  4710 | D:3      | Killed Grinder
  4864 | D:3      | Noticed Natasha
  4877 | D:3      | Killed Natasha
  4878 | D:3      | Reached skill level 5 in Conjurations
  5171 | D:4      | Reached skill level 7 in Spellcasting
  5171 | D:4      | Reached skill level 1 in Poison Magic
  5171 | D:4      | Reached skill level 1 in Evocations
  5171 | D:4      | Reached XP level 7. HP: 38/38 MP: 7/19
  5849 | D:4      | Identified the +13 chain mail "Qisod" {Slay+3}
  5985 | D:5      | Entered Level 5 of the Dungeon
  6148 | D:5      | Reached skill level 8 in Spellcasting
  6219 | D:5      | You fall into a shaft and drop 1 floor!
  6394 | D:6      | Reached XP level 8. HP: 38/44 MP: 14/22
  7197 | D:5      | Reached skill level 9 in Spellcasting
  8348 | D:6      | Reached skill level 10 in Spellcasting
  8560 | D:6      | Noticed Menkaure
  8581 | D:6      | Killed Menkaure
  8978 | D:7      | Reached XP level 9. HP: 42/48 MP: 10/25
  9197 | D:7      | Reached skill level 11 in Spellcasting
  9229 | D:7      | Slain by a yak

Illustrated notes

Levels and vault maps discovered:
D:1:      minmay_arrival_glassed_features, layout_loops_ring, minivault_25,
          minmay_misc_feat_five, chequers_serial_rivers_micro_a
D:2:      layout_loops_cross, nicolae_ecumenical_pavilion
D:3:      layout_basic, uniq_grinder, uniq_natasha, uniq_robin, uniq_ijyb
D:4:      layout_rooms
D:5:      layout_cave_pods
D:6:      layout_gridville, uniq_menkaure
D:7:      layout_cave_pools, makhleb_blood_cavern_becter,
          minmay_temple_entry_junction, uniq_duvessa

Skill      XL: |  1  2  3  4  5  6  7  8  9 |
---------------+----------------------------+-----
Spellcasting   | 5 6 7 8 10 11 | 11.1
Armour         | 1 2 3 |  3.0
Fighting       | 1 2 |  2.4
Conjurations   | 2 5 6 7 |  7.2
Dodging        | 3 |  3.0
Fire Magic     | 1 3 |  3.1
Air Magic      | 1 |  1.2
Stealth        | 3 |  3.1
Poison Magic   | 1 |  1.1
Evocations     | 1 |  1.1
Summonings     | 2 3 |  3.9
Translocations | |  1.1

Action                   |  1- 3 |  4- 6 |  7- 9 || total
-------------------------+-------+-------+-------++-------
Melee: Dagger            |    21 |       |       ||    21
       Staff             |       |    33 |    20 ||    53
       Punch             |       |       |     2 ||     2
       Short sword       |       |       |    20 ||    20
Throw: Throwing net      |     1 |       |       ||     1
 Cast: Magic Dart        |   104 |   142 |   251 ||   497
       Call Imp          |     3 |     2 |     1 ||     6
       Mephitic Cloud    |       |     6 |    15 ||    21
       Conjure Flame     |       |     5 |    11 ||    16
 Stab: Confused          |       |     2 |     5 ||     7
Armor: Robe              |     7 |       |       ||     7
       Leather armour    |     8 |    17 |    27 ||    52
Dodge: Dodged            |    36 |    67 |   124 ||   227

Table legend: (Time is in decaauts)
 A = Elapsed time spent in this place.
 B = Non-inter-level travel time spent in this place.
 C = Inter-level travel time spent in this place.
 D = Time resting spent in this place.
 E = Time spent auto-exploring this place.
 F = Levels seen in this place.
 G = Mean time per level.
                   A        B        C        D        E       F      G
               +--------+--------+--------+--------+--------+-----+--------+
         Total |   9247 |   8883 |    364 |    926 |   6659 |   7 | 1321.0 |
       Dungeon |   9247 |   8883 |    364 |    926 |   6659 |   7 | 1321.0 |
               +--------+--------+--------+--------+--------+-----+--------+

Top non-repeatable levels by time:
     D:2: 1892 daAuts
     D:6: 1772 daAuts
     D:3: 1729 daAuts
     D:1: 1429 daAuts
     D:5: 1340 daAuts
     D:4: 943 daAuts
     D:7: 139 daAuts
